 Dungeon Crawl Stone Soup version 0.19-a0-1008-g4c63d25 (webtiles) character file.

35 Implojin the Slasher (level 3, 0/25 HPs)
             Began as a Halfling Fighter on July 23, 2016.
             Succumbed to an adder's poison
             ... on level 2 of the Dungeon.
             The game lasted 00:02:00 (880 turns).

Implojin the Slasher (Halfling Fighter)              Turns: 880, Time: 00:02:00

Health: 0/25       AC:  5    Str: 16    XL:     3   Next: 55%
Magic:  3/3        EV:  9    Int:  7    God:
Gold:   45         SH:  9    Dex: 14    Spells: 0 memorised, 2 levels left

rFire  . . .     SeeInvis .     a - +0 long sword
rCold  . . .     Gourm    .     e - +0 ring mail (curse)
rNeg   . . .     Faith    .     c - +0 shield
rPois  .         Spirit   .     (no helmet)
rElec  .         Dismiss  .     (no cloak)
rCorr  .         Reflect  .     (no gloves)
SustAt .         Harm     .     (no boots)
MR     .....                    (no amulet)
Stlth  +.........               (no ring)
                                (no ring)

@: lethally poisoned (0 -> -13), not resistant to hostile enchantments, very
unstealthy
A: mutation resistance 1
a: no special abilities


You were on level 2 of the Dungeon.
You were not hungry.

You visited 1 branch of the dungeon, and saw 2 of its levels.

You collected 45 gold pieces.

Inventory:

Hand Weapons
 a - a +0 long sword (weapon)
 h - a cursed -1 hand axe
Armour
 b - a +0 scale mail
 c - a +0 shield (worn)
 e - a cursed +0 ring mail (worn)
Scrolls
 g - a scroll of identify
 l - a scroll of amnesia
 m - a scroll of fog {unknown}
 n - a scroll of magic mapping {unknown}
 o - 4 scrolls of fear {unknown}
 p - a scroll of enchant armour {unknown}
Potions
 d - a potion of might
Comestibles
 f - 2 bread rations
 i - a slice of pizza
 k - a meat ration


   Skills:
 - Level 2.6 Fighting
 * Level 3.6 Long Blades
 - Level 3.2 Armour
 - Level 3.2 Shields


You had 2 spell levels left.
You didn't know any spells.

Dungeon Overview and Level Annotations

Branches:
Dungeon (2/15)

Altars:
Hepliaklqana
Xom


Innate Abilities, Weirdness & Mutations

You are small and have problems with some larger weapons.
You are somewhat resistant to further mutation.


Message History

Okay, then.
It was a potion of cancellation.
You feel magically purged.
* * * LOW HITPOINT WARNING * * *
You feel sick. The adder bites you.
* * * LOW HITPOINT WARNING * * *
You are more poisoned.
The adder poisons you!
You miss the adder.
The adder is heavily wounded.
* * * LOW HITPOINT WARNING * * *
You feel sick. You block the adder's attack.
The adder bites you but does no damage.
Unknown command.
Okay, then.
Unknown command.
Unknown command.
Okay, then.
You closely miss the adder.
The adder is heavily wounded.
* * * LOW HITPOINT WARNING * * *
You feel sick. The adder bites you but does no damage.
The adder closely misses you.
You riposte.
You barely miss the adder.
The adder is heavily wounded.
Unknown command.
You hit the adder.
The adder is severely wounded.
* * * LOW HITPOINT WARNING * * *
You feel sick. The adder bites you but does no damage.
Unknown command.
You hit the adder.
You kill the adder!
* * * LOW HITPOINT WARNING * * *
You feel sick.
Unknown command.
As you read the scroll labeled BEOMOO MUR QUHIA, it crumbles to dust.
It is a scroll of identify.
l - a scroll of amnesia
* * * LOW HITPOINT WARNING * * *
You feel sick.
You die...

...... #..........# #.#
.<....#+#..........###.#
....................##.#
....................##.#
....................##.#
...................###..
#....................†..
.....#'#..........####.
######@#......#'### #.
#......########.# #.
#.###### #### #.
##.##### ##§#g##.'
#Z#####.# #g#_...#
###.8.## ###.._##


There were no monsters in sight!

Vanquished Creatures
  An adder (D:2)
  2 giant cockroaches (D:1)
  2 goblins (D:1)
  3 hobgoblins (D:1)
  3 kobolds (D:1)
  6 bats (D:1)
  5 giant newts
  7 rats
29 creatures vanquished.

Notes
Turn   | Place    | Note
-------+----------+-------------------------------------------
     0 | D:1      | Implojin the Halfling Fighter began the quest for the Orb.
     0 | D:1      | Reached XP level 1. HP: 15/15 MP: 1/1
   106 | D:1      | Reached XP level 2. HP: 20/20 MP: 2/2
   331 | D:1      | Reached skill level 3 in Long Blades
   420 | D:1      | Reached XP level 3. HP: 25/25 MP: 3/3
   783 | D:2      | Found a hazy altar of Hepliaklqana.
   784 | D:2      | Found a shimmering altar of Xom.
   785 | D:2      | Noticed a spectral ugly thing
   879 | D:2      | HP: 1/25 [poisoned by an adder]
   880 | D:2      | Succumbed to an adder's poison

Vault maps used:
D:1:      matt_arrival_grand_opening, kennysheep_doodads, minmay_tetromino_l4
D:2:      regret_index_temple_of_mockery, first_bread

Skill      XL: |  1  2 |
---------------+-------+-----
Long Blades    | 3 |  3.6
Fighting       | |  2.6
Armour         | |  3.2
Shields        | |  3.2

Action                   || total
-------------------------++-------
Melee: Long sword        ||   111
  Use: Scroll            ||     1
       Potion            ||     1
Armor: Scale mail        ||     5
       Ring mail         ||    39
Dodge: Dodged            ||    33
Block: Shield            ||    45

Table legend:
 A = Turns spent in this place as a percentage of turns spent in the entire game.
 B = Non-inter-level travel turns spent in this place as a percentage of non-inter-level travel turns spent in the entire game.
 C = Inter-level travel turns spent in this place as a percentage of turns spent in this place.
 D = Turns resting spent in this place as a percentage of non-inter-level travel turns spent in this place.
 E = Turns spent auto-exploring this place as a percentage of non-inter-level travel turns spent in this place.
 F = Non-inter-level travel turns spent in this place divided by the number of levels of this place that you've seen.
                   A       B       C       D       E      F
               +-------+-------+-------+-------+-------+----------------------
         Total | 100.0 | 100.0 |   0.3 |   1.3 |  11.4 | 158.5
       Dungeon | 100.0 | 100.0 |   0.3 |   1.3 |  11.4 | 158.5
               +-------+-------+-------+-------+-------+----------------------

Table legend:
 A = Kills in this place as a percentage of kills in entire the game.
 B = Kills by you in this place as a percentage of kills by you in the entire game.
 C = Kills by friends in this place as a percentage of kills by friends in the entire game.
 D = Other kills in this place as a percentage of other kills in the entire game.
 E = Experience gained in this place as a percentage of experience gained in the entire game.
 F = Experience gained in this place divided by the number of levels of this place that you have seen.
                   A       B       C       D       E      F
               +-------+-------+-------+-------+-------+----------------------
         Total | 100.0 | 100.0 |  -nan |  -nan | 100.0 |  25.5
       Dungeon | 100.0 | 100.0 |  -nan |  -nan | 100.0 |  25.5
               +-------+-------+-------+-------+-------+----------------------
